 Dungeon Crawl Stone Soup version 0.16.2-12-gd0ad4c3 (webtiles) character file.

2228 Kira the Nimble (level 9, -3/41 HPs)
             Began as a Spriggan Conjurer on Oct 17, 2015.
             Was an Initiate of Nemelex Xobeh.
             Killed from afar by an orc wizard (6 damage)
             ... with a magic dart
             ... on level 7 of the Dungeon.
             The game lasted 01:11:23 (8101 turns).

Kira the Nimble (Spriggan Conjurer)                 Turns: 8101, Time: 01:11:23

Health: -3/41      AC:  3    Str:  4    XL:     9   Next: 14%
Magic:  11/28      EV: 25    Int: 24    God:    Nemelex Xobeh [......]
Gold:   383        SH:  0    Dex: 16    Spells: 2 memorised, 21 levels left

rFire  . . .     SeeInvis +     p - +0 short sword
rCold  . . .     Clarity  .     y - +0 robe
rNeg   . . .     SustAb   .     (shield restricted)
rPois  .         Gourm    .     (helmet restricted)
rElec  .         Spirit   .     i - +0 cloak
rCorr  .         Warding  .     (gloves unavailable)
rMut   .         Stasis   .     (boots unavailable)
MR     +....                    z - amulet of faith
Stlth  ++++......               (no ring)
                                b - +4 ring of intelligence

@: very quick, somewhat resistant to hostile enchantments, stealthy
A: unfitting armour, see invisible, herbivore 3, speed 3, slow metabolism 2
a: Renounce Religion


You were on level 7 of the Dungeon.
You worshipped Nemelex Xobeh.
Nemelex Xobeh was noncommittal.
You were not hungry.

You visited 2 branches of the dungeon, and saw 8 of its levels.

You collected 383 gold pieces.

Inventory:

Hand weapons
 p - a +0 short sword (weapon)
Missiles
 e - 42 stones (quivered)
Armour
 a - a +0 robe
 h - a +0 robe
 i - a +0 cloak (worn)
 j - a +0 robe
 u - a +0 robe
 y - a +0 robe (worn)
 D - a cursed +0 pair of gloves
Jewellery
 b - a +4 ring of intelligence (left hand)
 z - an amulet of faith (around neck)
Magical devices
 w - a wand of teleportation (4)
 B - a wand of confusion (38)
 C - a wand of slowing (14)
 G - a wand of digging (17)
 I - a wand of digging (13)
 K - a wand of fire (9)
Scrolls
 f - 7 scrolls of identify {unknown}
 k - 5 scrolls of remove curse
 m - a scroll of recharging {unknown}
 n - 2 scrolls of enchant weapon {unknown}
 q - a scroll of fog {unknown}
 r - a scroll of random uselessness {unknown}
 t - 3 scrolls of teleportation {unknown}
 v - a scroll of immolation {unknown}
 A - 3 scrolls of magic mapping {unknown}
 F - a scroll of amnesia {unknown}
 J - a scroll of fear {unknown}
 L - a scroll of acquirement {unknown}
Potions
 d - a potion of lignification {unknown}
 g - 2 potions of ambrosia {unknown}
 o - a potion of agility {unknown}
 s - 5 potions of curing {unknown}
 x - 4 potions of haste {unknown}
 H - a potion of restore abilities {unknown}
Books
 c - a book of Conjurations

   Spells                             Type                      Level
   a - Magic Dart                     Conjuration                  1
   b - Searing Ray                    Conjuration                  2
   c - Dazzling Spray                 Conjuration/Hexes            3
   d - Fulminant Prism                Conjuration/Hexes            4
   e - Iskenderun's Mystic Blast      Conjuration                  4
   f - Iskenderun's Battlesphere      Conjuration/Charms           5
Miscellaneous
 M - a plain deck of war {drawn: 3}
Comestibles
 l - 4 fruits
 E - 6 bread rations


   Skills:
 - Level 1.0 Fighting
 - Level 1.2 Throwing
 + Level 9.7 Dodging
 + Level 7.5 Stealth
 + Level 8.2 Spellcasting
 - Level 4.9 Conjurations
 * Level 4.6 Evocations


You had 21 spell levels left.
You knew the following spells:

 Your Spells              Type           Power        Failure   Level  Hunger
a - Magic Dart            Conj           ####         1%          1    None
b - Searing Ray           Conj           ####..       1%          2    None


Dungeon Overview and Level Annotations

Branches:
Dungeon (7/15)             Temple (1/1) D:6

Altars:
Ashenzari
Cheibriados
Dithmenos
Elyvilon
Gozag
Kikubaaqudgha
Makhleb
Nemelex Xobeh
Okawaru
Qazlal
Ru
Sif Muna
Trog
Xom
Zin
The Shining One


Innate Abilities, Weirdness & Mutations

You are tiny and cannot use many weapons and most armour.
You have supernaturally acute eyesight.
You are a herbivore.
You cover ground extremely quickly.
You need consume almost no food.


Message History

You feel sick.
Casting: Searing Ray
Confirm with . or Enter, or press ? or * to list all spells.
Aiming: Searing Ray
Press: ? - help, Shift-Dir - straight line You feel sick.
You are no longer poisoned.
Casting: Searing Ray
Confirm with . or Enter, or press ? or * to list all spells.
Aiming: Searing Ray
Press: ? - help, Shift-Dir - straight line, f - orc wizard
Aim: an orc wizard, wielding a dagger and wearing a leather armour The searing ray hits the orc wizard.
The orc wizard is lightly wounded.
The searing ray hits the orc wizard.
The orc wizard is heavily wounded.
The orc wizard gestures at you while chanting.
The magic dart hits you!
You die...
Your body disappears without a glow.

#### ..# ###.#
.#.#.#############
....)..)o).......#
...#.###########o#
...#.# #[#
...#.##### #@#
...#o....# #.#
.#.#.....# #.#
.#o#.....# #.#
.#.#<...... ..#
.#.....### ###
....... .#
#.###### . ...


You could see an orc wizard.

Vanquished Creatures
  The ghost of CcS the Insei, an average DgMo (D:5)
  An insubstantial wisp (D:6)
  An ogre (D:4)
  A black bear (D:7)
  A phantom (D:4)
  2 ice beasts
  An orc warrior (D:6)
  A giant frog (D:7)
  A scorpion (D:4)
  6 killer bees (D:7)
  2 goliath beetles (D:6)
  The ghost of CcS the Firebug, a weakling DgFE (D:3)
  3 crimson imps
  3 hounds
  An orc priest (D:6)
  2 giant frog skeletons
  7 orc wizards
  3 worker ants
  A centaur skeleton (D:4)
  4 iguanas (D:4)
  Ijyb (D:2)
  A hound skeleton (D:5)
  11 adders
  8 gnolls
  2 worms
  26 orcs
  3 ball pythons
  5 giant cockroaches
  8 goblins
  11 hobgoblins
  10 kobolds
  2 quokkas
  A ball python skeleton (D:4)
  12 bats
  5 giant geckos
  5 giant newts
  6 jackals
  4 rats
  3 ballistomycetes (D:6)
167 creatures vanquished.

Vanquished Creatures (others)
  A dancing weapon (D:7)
  A giant spore (D:6)
2 creatures vanquished.

Grand Total: 169 creatures vanquished

Notes
Turn   | Place    | Note
--------------------------------------------------------------
     0 | D:1      | Kira, the Spriggan Conjurer, began the quest for the Orb.
     0 | D:1      | Reached XP level 1. HP: 9/9 MP: 4/4
   180 | D:1      | Reached XP level 2. HP: 5/13 MP: 0/7
   845 | D:1      | Reached XP level 3. HP: 16/16 MP: 7/9
  1056 | D:2      | Found a shattered altar of Ashenzari.
  1067 | D:2      | Reached skill level 4 in Dodging
  1258 | D:2      | Reached XP level 4. HP: 21/21 MP: 0/13
  1857 | D:2      | Learned a level 2 spell: Searing Ray
  1899 | D:2      | Noticed Ijyb
  1913 | D:2      | Killed Ijyb
  2207 | D:3      | Found a glowing golden altar of the Shining One.
  2290 | D:3      | Reached XP level 5. HP: 20/24 MP: 5/16
  2397 | D:3      | Noticed CcS's ghost (weakling DgFE)
  2417 | D:3      | Killed CcS's ghost
  2417 | D:3      | Reached skill level 5 in Dodging
  2616 | D:3      | Found a stormy altar of Qazlal.
  2841 | D:4      | Noticed an ice beast
  2875 | D:4      | Killed an ice beast
  2875 | D:4      | Reached XP level 6. HP: 17/29 MP: 6/20
  2971 | D:4      | Reached skill level 1 in Throwing
  3014 | D:4      | Reached skill level 1 in Fighting
  3315 | D:4      | Noticed an ogre
  3332 | D:4      | Killed an ogre
  3388 | D:4      | Found a glowing silver altar of Zin.
  3465 | D:4      | Reached skill level 6 in Dodging
  3595 | D:4      | Found a white marble altar of Elyvilon.
  3596 | D:4      | Found an ancient bone altar of Kikubaaqudgha.
  3615 | D:4      | Reached skill level 5 in Spellcasting
  3615 | D:4      | Reached XP level 7. HP: 33/33 MP: 12/22
  3637 | D:4      | Reached skill level 5 in Stealth
  4061 | D:4      | Found a shadowy altar of Dithmenos.
  4104 | D:4      | Noticed a phantom
  4114 | D:4      | Killed a phantom
  4295 | D:5      | Entered Level 5 of the Dungeon
  4654 | D:5      | Noticed CcS's ghost (average DgMo)
  4672 | D:5      | Killed CcS's ghost
  4672 | D:5      | Reached skill level 7 in Dodging
  4672 | D:5      | Reached XP level 8. HP: 37/37 MP: 7/25
  5114 | D:5      | Reached skill level 1 in Evocations
  5675 | D:6      | Found a staircase to the Ecumenical Temple.
  5775 | Temple   | Entered the Ecumenical Temple
  6148 | D:6      | Found a sparkling altar of Nemelex Xobeh.
  6299 | D:6      | Reached skill level 8 in Dodging
  6544 | D:6      | Became a worshipper of Nemelex Xobeh the Trickster
  6937 | D:6      | Found a snail-covered altar of Cheibriados.
  7086 | D:6      | Received a gift from Nemelex Xobeh
  7591 | D:7      | Reached skill level 9 in Dodging
  7643 | D:7      | Reached XP level 9. HP: 25/41 MP: 8/28
  7678 | D:7      | HP: 2/41 [poisoned by a killer bee]
  8101 | D:7      | Killed from afar by an orc wizard

Action                   |  1- 3 |  4- 6 |  7- 9 || total
-------------------------+-------+-------+-------++-------
Melee: Unarmed           |    38 |    12 |       ||    50
       Short sword       |       |    27 |    15 ||    42
Throw: Stone             |    11 |    27 |       ||    38
 Cast: Magic Dart        |    71 |    40 |     1 ||   112
       Searing Ray       |       |    31 |    96 ||   127
Evoke: Deck              |       |       |     3 ||     3
       Wand              |       |       |     1 ||     1
  Use: Scroll            |       |     1 |       ||     1
 Stab: Sleeping          |     2 |     3 |       ||     5
  Eat: Bread ration      |       |     1 |       ||     1
